 Dungeon Crawl Stone Soup version 0.29-a0-284-gf9362112df (webtiles) character file.

Game seed: 8565888159406737878

160 enile the Skirmisher (level 5, -1/61 HPs)
             Began as an Ogre Cinder Acolyte on Mar 18, 2022.
             Was a High Priest of Ignis.
             Slain by Sigmund
             ... wielding a +0 scythe
              (5 damage)
             ... on level 3 of the Dungeon.
             The game lasted 00:04:42 (3056 turns).

enile the Skirmisher (Ogre Cinder Acolyte)          Turns: 3056, Time: 00:04:43

Health: -1/61      AC:  3    Str: 18    XL:     5   Next: 41%
Magic:  7/7        EV: 13    Int: 17    God:    Ignis [*****.]
Gold:   124        SH:  0    Dex:  4    Spells: 5/7 levels left

rFire   + + .      SeeInvis .   a - -1 hand axe (flame)
rCold   . . .      Faith    .   (no shield)
rNeg    . . .      Spirit   .   b - +0 robe
rPois   .          Reflect  .   (helmet restricted)
rElec   .          Harm     .   (no cloak)
rCorr   .          Rampage  .   (gloves unavailable)
Will    .....                   (boots unavailable)
Stlth   +.........              (no amulet)
HPRegen 0.20/turn               g - ring of protection from fire
MPRegen 0.10/turn               k - +4 ring of evasion

@: no status effects
A: large, unfitting armour, tough skin 1
a: Renounce Religion, Fiery Armour, Foxfire Swarm, Rising Flame


You were on level 3 of the Dungeon.
You worshipped Ignis.
Ignis was extremely pleased with you.
You visited 1 branch of the dungeon, and saw 3 of its levels.

You collected 124 gold pieces.

Inventory:

Hand Weapons
 a - a -1 hand axe of flaming (weapon)
Missiles
 i - 7 poisoned darts (quivered)
Armour
 b - a +0 robe (worn)
Jewellery
 c - an amulet of reflection
 g - a ring of protection from fire (left hand)
 k - a +4 ring of evasion (right hand)
Scrolls
 f - a scroll of identify
 h - 2 scrolls of blinking {unknown}
 j - a scroll of vulnerability {unknown}
 l - a scroll of torment {unknown}


   Skills:
 + Level 6.6 Fighting
 - Level 3.1 Axes
 - Level 2.0 Dodging
 - Level 1.5 Spellcasting
 - Level 3.0 Fire Magic


You had 5 spell levels left.
You knew the following spells:

 Your Spells              Type           Power      Damage    Failure   Level
a - Scorch                Fire           22%        2d6       9%          2

Your spell library contained the following spells:

 Spells                   Type           Power      Damage    Failure   Level


Dungeon Overview and Level Annotations

Branches:
Dungeon (3/15)

Altars:
Makhleb

Shops:
D:2 (

Annotations:
D:2 1 runed translucent door, Crazy Yiuf
D:3 Sigmund


Innate Abilities, Weirdness & Mutations

You are too large for most types of armour.
You have tough skin. (AC +1)


Message History

Found a stone staircase leading down.
You now have 124 gold pieces (gained 7).
Found 24 stones.
Found a +0 dagger of speed.
Sigmund mumbles some strange words.
Sigmund flickers and vanishes!
Deactivating autopickup; reactivate with Ctrl-A.
Something hits you!
You barely miss something. Something hits you!
As you read the scroll of fog, it crumbles to dust.
The scroll dissolves into smoke.
Something hits you!
You hit something. You burn something. You hit something. You burn something.
You hear some strange, mumbled words.
Something tries to affect you, but you resist.
You hear some strange, mumbled words.
You are confused.
Something hits you.
You bump into the rock wall.
Something hits you!
* * * LOW HITPOINT WARNING * * *
Okay, then.
A magic dart appears from out of thin air!
The magic dart hits you.
* * * LOW HITPOINT WARNING * * *
You bump into the rock wall.
Something hits you!
* * * LOW HITPOINT WARNING * * *
Okay, then.
You already know all available spells.
You already know all available spells.
You already know all available spells.
You already know all available spells.
You already know all available spells.
You already know all available spells.
You bump into the rock wall.
You feel less confused.
You see here 15 gold pieces.
Okay, then.
There is a stone staircase leading up here.
Something hits you.
You die...

#.#.## ##§.# #.##.##
##..### #
#.....###{§...### ..
#####.....#§§§.....##.##
#.###.###..####........#
.#.##. #..$...........#
..#.#. #..####........#
<..## #..# #..#......
#.## #... #.@##...## #.#
#.### #..# .### #.# #.#
#..# .# #.# #.# #..# #.#
#. #..# # #... #.# ...#
#. #... #.# #.## #.##...
#.# .. #...... #.#
#......


There were no monsters in sight!

Vanquished Creatures
  A black bear (D:3)
  A worm (D:3)
  4 dart slugs
  An orc (D:2)
  6 endoplasms
  2 giant cockroaches
  4 goblins
  6 hobgoblins
  4 jackals (D:1)
  5 ball pythons
  2 bats
  2 frilled lizards (D:2)
  4 kobolds
  6 rats
48 creatures vanquished.

Vanquished Creatures (others)
  11 foxfires (D:2)
11 creatures vanquished.

Grand Total: 59 creatures vanquished

Notes
Turn   | Place    | Note
-------+----------+-------------------------------------------
     0 | D:1      | enile the Ogre Cinder Acolyte began the quest for the Orb.
     0 | D:1      | Reached XP level 1. HP: 24/24 MP: 2/2
   158 | D:1      | Reached XP level 2. HP: 29/32 MP: 2/4
   220 | D:1      | Learned a level 2 spell: Scorch
   446 | D:1      | Reached skill level 5 in Fighting
   446 | D:1      | Reached XP level 3. HP: 38/42 MP: 5/5
  1210 | D:2      | Found a burning altar of Makhleb.
  1232 | D:2      | Found Suwoina's Antique Weapon Emporium.
  1250 | D:2      | Reached skill level 1 in Dodging
  1686 | D:2      | Found a runed translucent door.
  1687 | D:2      | Noticed Crazy Yiuf
  1856 | D:3      | Noticed Sigmund
  2571 | D:3      | Reached XP level 4. HP: 42/50 MP: 1/6
  2712 | D:3      | Noticed a black bear
  2768 | D:3      | Killed a black bear
  2769 | D:3      | Reached skill level 6 in Fighting
  2769 | D:3      | Reached XP level 5. HP: 37/61 MP: 7/7
  3046 | D:3      | HP: 2/61 [something (9)]
  3056 | D:3      | Slain by Sigmund

Illustrated notes

Levels and vault maps discovered:
D:1:      dpeg_arrival_windows_large_door, layout_basic
D:2:      kennysheep_big_flooded_room, layout_basic, serial_shops,
          nicolae_square_shop, basic_altar, uniq_crazy_yiuf_cottage
D:3:      layout_loops_ring, minmay_misc_feat_diagonals, uniq_sigmund

Skill      XL: |  1  2  3  4 |
---------------+-------------+-----
Fighting       | 5 6 |  6.6
Dodging        | 1 2 |  2.0
Fire Magic     | 3 |  3.0
Axes           | |  3.1
Spellcasting   | |  1.5

Action                   |  1- 3 |  4- 6 || total
-------------------------+-------+-------++-------
Melee: Hand axe          |   111 |    24 ||   135
 Cast: Scorch            |    10 |       ||    10
Invok: Foxfire Swarm     |     1 |       ||     1
       Fiery Armour      |       |     1 ||     1
  Use: Potion            |     3 |       ||     3
       Scroll            |       |     2 ||     2
Armor: Robe              |    32 |     5 ||    37
Dodge: Dodged            |    69 |    20 ||    89

Table legend: (Time is in decaauts)
 A = Elapsed time spent in this place.
 B = Non-inter-level travel time spent in this place.
 C = Inter-level travel time spent in this place.
 D = Time resting spent in this place.
 E = Time spent auto-exploring this place.
 F = Levels seen in this place.
 G = Mean time per level.
                   A        B        C        D        E       F      G
               +--------+--------+--------+--------+--------+-----+--------+
         Total |   3060 |   2892 |    168 |      0 |   2468 |   3 | 1020.0 |
       Dungeon |   3060 |   2892 |    168 |      0 |   2468 |   3 | 1020.0 |
               +--------+--------+--------+--------+--------+-----+--------+

Top non-repeatable levels by time:
     D:1: 1152 daAuts
     D:2: 1086 daAuts
     D:3: 821 daAuts
